 Dungeon Crawl Stone Soup version 0.29-a0-330-g52719c12eb (webtiles) character file.

Game seed: 5146295362238183210

168 Crownlay the Chiller (level 5, 0/37 HPs)
             Began as a Gnoll Ice Elementalist on May 7, 2022.
             Slain by a black bear (5 damage)
             ... on level 3 of the Dungeon.
             The game lasted 00:05:56 (2234 turns).

Crownlay the Chiller (Gnoll Ice Elementalist)       Turns: 2234, Time: 00:05:56

Health: 0/37       AC:  9    Str:  8    XL:     5   Next: 49%
Magic:  3/12       EV: 13    Int: 16    God:
Gold:   56         SH:  0    Dex: 12    Spells: 7/14 levels left

rFire   . . .      SeeInvis .     - Unarmed
rCold   . . .      Faith    .   (no shield)
rNeg    . . .      Spirit   .   a - +0 robe
rPois   .          Reflect  .   (no helmet)
rElec   .          Harm     .   (no cloak)
rCorr   +          Rampage  .   (no gloves)
Will    .....                   (no boots)
Stlth   +++.......              l - amulet of the acrobat
HPRegen 0.12/turn               R - ring of resist corrosion
MPRegen 0.13/turn               (no ring)

@: ice-armoured, freezing walls
A: fangs 1, strong nose, distributed training
a: no special abilities


You were on level 3 of the Dungeon.
You visited 1 branch of the dungeon, and saw 3 of its levels.

You collected 56 gold pieces.


Innate Abilities, Weirdness & Mutations

You have very sharp teeth.
Your uncanny sense of smell can sniff out nearby items.
Your experience applies equally to all skills.


   Skills:
 + Level 1.5 Fighting
 + Level 1.5 Short Blades
 + Level 1.5 Long Blades
 + Level 1.5 Axes
 + Level 1.5 Maces & Flails
 + Level 1.5 Polearms
 + Level 1.5 Staves
 + Level 1.5 Slings
 + Level 1.5 Bows
 + Level 1.5 Crossbows
 + Level 1.5 Throwing
 + Level 1.5 Armour
 + Level 4.8 Dodging
 + Level 4.4 Stealth
 + Level 1.5 Shields
 + Level 1.5 Unarmed Combat
 + Level 5.2 Spellcasting
 + Level 1.2 Conjurations
 + Level 1.2 Hexes
 + Level 1.2 Summonings
 + Level 1.2 Necromancy
 + Level 1.2 Translocations
 + Level 1.2 Transmutations
 + Level 1.2 Fire Magic
 + Level 7.2 Ice Magic
 + Level 1.2 Air Magic
 + Level 1.2 Earth Magic
 + Level 1.2 Poison Magic
 + Level 1.7 Invocations
 + Level 1.5 Evocations


You had 7 spell levels left.
You knew the following spells:

 Your Spells              Type           Power      Damage    Failure   Level
f - Frozen Ramparts       Ice            54%        1d7       2%          3
o - Ozocubu's Armour      Ice            27%        N/A       2%          3
y - Freeze                Ice            100%       1d11      1%          1

Your spell library contained the following spells:

 Spells                   Type           Power      Damage    Failure   Level
 Gell's Gravitas          Tloc           8%         N/A       26%         3
 Lesser Beckoning         Tloc           8%         N/A       26%         3
 Teleport Other           Tloc           8%         N/A       26%         3
 Hailstorm                Conj/Ice       17%        3d6       26%         4

Inventory:

Missiles
 m - 14 stones
Armour
 a - a +0 robe (worn)
Jewellery
 l - an amulet of the acrobat (around neck)
   (You found it on level 2 of the Dungeon)
 R - a ring of resist corrosion (left hand)
   (You found it on level 1 of the Dungeon)
Scrolls
 d - a scroll of magic mapping {!r}
 g - a scroll of teleportation {@r4}
 k - a scroll of enchant armour
 n - a scroll of enchant weapon {unknown}
 o - a scroll of immolation {unknown}
Potions
 b - a potion of magic
 c - a potion of haste {unknown}
 e - 2 potions of mutation {unknown}
 f - a potion of ambrosia {unknown}
 h - a potion of heal wounds {unknown}
 i - 3 potions of curing {unknown}
 j - 2 potions of might {unknown}

Dungeon Overview and Level Annotations

Branches:
Dungeon (3/15)

Altars:
Trog

#.###............####...........
#...............................
#####........................#..
###......#...........####.#.
#......#...........#...#+.
#..#.#.#............._..#.
#...<..#.|................
#.##..........###....##...
#........@##### #....#....
#........h# #....#....
.................# ######....
.#####............h #....
..≈≈≈≈≈≈≈.≈≈..≈.. .≈≈#....
≈≈≈≈.≈≈≈≈≈.≈≈≈≈≈.≈ ≈≈≈#.†..
♣♣♣≈≈≈♣♣♣≈≈≈♣♣♣≈≈≈ ♣≈.....#
♣≈≈≈♣ ♣≈≈≈♣ ≈.≈ ♣≈...... ♣≈≈≈♣
≈≈ ≈♣♣♣≈≈.....


You could see a black bear (berserk).


Message History

You hit the endoplasm but do no damage. The endoplasm freezes you.
You are frozen.
HP[-1]
You take 1 damage, and now have 36/37 hp.
You freeze the endoplasm!
You kill the endoplasm!
MP[-1]
You lost 1 mp, and now have 11/12 mp.
You can't see any susceptible monsters within range! (Use Z to cast anyway.)
o - a scroll labelled NEFETA TIYCAQ HP[+1] MP[+1]
Your hp is fully restored (37).
Your mp is fully restored (12).
p - a scroll of identify {@r1}
As you read the scroll of identify {@r1}, it crumbles to dust.
k - a scroll of enchant armour A ball python is nearby!
A ball python is nearby!
The ball python hisses angrily.
You hit the ball python.
You kill the ball python!
You can't see any susceptible monsters within range! (Use Z to cast anyway.)
A black bear comes into view.
A ball python comes into view.
What are your orders? t - Bark!
Orders for allies: a - Attack new target. r - Retreat! s - Stop attacking. g - Guard the area. f - Follow me.
Anything else - Cancel.
You bark for attention!
The ball python hisses angrily.
Casting: Freeze (safe; 1% risk of failure)
Confirm with . or Enter, or press ? or * to list all spells.
Casting: Frozen Ramparts (dangerous; 2% risk of failure)
Press: ? - help, Dir - look around, f - activate The walls around you are covered in ice.
MP[-3]
You lost 3 mp, and now have 9/12 mp.
Casting: Frozen Ramparts (dangerous; 2% risk of failure)
Confirm with . or Enter, or press ? or * to list all spells.
A film of ice covers your body!
MP[-3]
You lost 3 mp, and now have 6/12 mp.
The wall freezes the black bear.
You barely miss the black bear.
The wall freezes the black bear.
The black bear bites you but does no damage.
The black bear claws you. The black bear barely misses you.
The wall freezes the ball python.
The ball python seems to slow down.
HP[-3]
You take 3 damage, and now have 34/37 hp.
You closely miss the ball python.
The wall freezes the black bear!
The black bear closely misses you. x2; The black bear misses you.
You hit the black bear.
The wall freezes the black bear.
The black bear bites you.
The black bear claws you but does no damage. x2
The ball python barely misses you. The ball python grabs you.
The ball python constricts you.
HP[-6]
You take 6 damage, and now have 28/37 hp.
You closely miss the ball python.
You bite the ball python, but do no damage.
The ball python is no longer moving slowly.
The wall freezes the black bear.
The black bear goes berserk!
The ball python barely misses you. The ball python constricts you.
HP[+1] MP[+1]
You closely miss the ball python. You bite the ball python.
The frozen ramparts melt away.
The black bear barely misses you. x2
The black bear closely misses you.
The ball python bites you but does no damage.
The ball python constricts you. The black bear bites you.
The black bear claws you. The black bear completely misses you.
HP[-7]
You take 7 damage, and now have 22/37 hp.
Unknown command.
Casting: Ozocubu's Armour (dangerous; 2% risk of failure)
Confirm with . or Enter, or press ? or * to list all spells.
Casting: Frozen Ramparts (dangerous; 2% risk of failure)
Press: ? - help, Dir - look around, f - activate The walls around you are covered in ice.
The ball python bites you but does no damage.
The ball python constricts you.
The wall freezes the black bear.
The black bear closely misses you.
The black bear claws you but does no damage.
The black bear claws you.
HP[-2] MP[-3]
You take 2 damage, and now have 20/37 hp.
You lost 3 mp, and now have 4/12 mp.
You freeze the ball python.
You kill the ball python!
The wall freezes the black bear.
The black bear bites you.
* * * LOW HITPOINT WARNING * * *
The black bear barely misses you. x2; The wall freezes the black bear.
The black bear bites you!
* * * LOW HITPOINT WARNING * * *
The black bear claws you.
* * * LOW HITPOINT WARNING * * *
The black bear claws you.
You die...

Skill      XL: |  1  2  3  4 |
---------------+-------------+-----
Spellcasting   | 5 |  5.2
Invocations    | 1 |  1.7
Fighting       | 1 |  1.5
Short Blades   | 1 |  1.5
Long Blades    | 1 |  1.5
Axes           | 1 |  1.5
Maces & Flails | 1 |  1.5
Polearms       | 1 |  1.5
Staves         | 1 |  1.5
Slings         | 1 |  1.5
Bows           | 1 |  1.5
Crossbows      | 1 |  1.5
Throwing       | 1 |  1.5
Armour         | 1 |  1.5
Shields        | 1 |  1.5
Unarmed Combat | 1 |  1.5
Evocations     | 1 |  1.5
Conjurations   | 1 |  1.2
Hexes          | 1 |  1.2
Summonings     | 1 |  1.2
Necromancy     | 1 |  1.2
Translocations | 1 |  1.2
Transmutations | 1 |  1.2
Fire Magic     | 1 |  1.2
Air Magic      | 1 |  1.2
Earth Magic    | 1 |  1.2
Poison Magic   | 1 |  1.2
Dodging        | |  4.8
Stealth        | |  4.4
Ice Magic      | |  7.2

Action                   |  1- 3 |  4- 6 || total
-------------------------+-------+-------++-------
Melee: Unarmed           |    11 |    22 ||    33
       Bite              |       |     2 ||     2
       Punch             |       |     1 ||     1
 Cast: Freeze            |    32 |     8 ||    40
       Frozen Ramparts   |     4 |     3 ||     7
       Ozocubu's Armour  |       |     2 ||     2
  Use: Scroll            |     3 |     1 ||     4
 Stab: Sleeping          |     1 |       ||     1
Armor: Robe              |     6 |    13 ||    19
Dodge: Dodged            |    22 |    34 ||    56

Levels and vault maps discovered:
D:1:      dpeg_arrival_shrine, layout_loops_cross
D:2:      layout_basic, minmay_misc_feat_five
D:3:      layout_basic, bloody_trog, kennysheep_boxes

Notes
Turn   | Place    | Note
-------+----------+-------------------------------------------
     0 | D:1      | Crownlay the Gnoll Ice Elementalist began the quest for the
                  | Orb.
     0 | D:1      | Reached XP level 1. HP: 13/13 MP: 6/6
    89 | D:1      | You pick up a book of Displacement and begin reading...
    89 | D:1      | You add the spells Lesser Beckoning, Gell's Gravitas and
                  | Teleport Other to your library.
   218 | D:1      | Reached XP level 2. HP: 19/19 MP: 5/7
   775 | D:2      | Reached skill level 5 in Spellcasting
   775 | D:2      | Reached XP level 3. HP: 20/25 MP: 4/9
   779 | D:2      | Learned a level 3 spell: Frozen Ramparts
   783 | D:2      | Learned a level 3 spell: Ozocubu's Armour
  1187 | D:2      | Reached skill level 1 in Invocations
  1889 | D:3      | Reached skill level 1 in Fighting
  1889 | D:3      | Reached skill level 1 in Short Blades
  1889 | D:3      | Reached skill level 1 in Long Blades
  1889 | D:3      | Reached skill level 1 in Axes
  1889 | D:3      | Reached skill level 1 in Maces & Flails
  1889 | D:3      | Reached skill level 1 in Polearms
  1889 | D:3      | Reached skill level 1 in Staves
  1889 | D:3      | Reached skill level 1 in Slings
  1889 | D:3      | Reached skill level 1 in Bows
  1889 | D:3      | Reached skill level 1 in Crossbows
  1889 | D:3      | Reached skill level 1 in Throwing
  1889 | D:3      | Reached skill level 1 in Armour
  1889 | D:3      | Reached skill level 1 in Shields
  1889 | D:3      | Reached skill level 1 in Unarmed Combat
  1889 | D:3      | Reached skill level 1 in Evocations
  1934 | D:3      | Reached XP level 4. HP: 32/32 MP: 7/11
  1937 | D:3      | Noticed a sky beast
  1948 | D:3      | Killed a sky beast
  1949 | D:3      | Reached skill level 1 in Conjurations
  1949 | D:3      | Reached skill level 1 in Hexes
  1949 | D:3      | Reached skill level 1 in Summonings
  1949 | D:3      | Reached skill level 1 in Necromancy
  1949 | D:3      | Reached skill level 1 in Translocations
  1949 | D:3      | Reached skill level 1 in Transmutations
  1949 | D:3      | Reached skill level 1 in Fire Magic
  1949 | D:3      | Reached skill level 1 in Air Magic
  1949 | D:3      | Reached skill level 1 in Earth Magic
  1949 | D:3      | Reached skill level 1 in Poison Magic
  1949 | D:3      | Reached XP level 5. HP: 37/37 MP: 3/12
  2063 | D:3      | Found a bloodstained altar of Trog.
  2221 | D:3      | Noticed a black bear
  2234 | D:3      | HP: 9/37 [black bear (7)]
  2234 | D:3      | Slain by a black bear

Vanquished Creatures
  A sky beast (D:3)
  3 adders
  2 dart slugs
  4 bats
  2 endoplasms (D:3)
  A giant cockroach (D:1)
  4 goblins
  3 hobgoblins
  2 jackals (D:2)
  3 kobolds
  5 quokkas
  7 ball pythons
  A frilled lizard (D:1)
  3 rats
41 creatures vanquished.

Table legend:
 A = Non-vault XP
 B = Vault XP
 C = Vault XP percentage of total XP
 D = Non-vault monster count
 E = Vault monster count
 F = Vault count percentage of total count
                 A         B        C        D         E       F
            +---------+---------+-------+---------+---------+-------
      Total |     243 |       0 |   0.0 |      41 |       0 |   0.0
            +---------+---------+-------+---------+---------+-------
        D:1 |      17 |       0 |   0.0 |      10 |       0 |   0.0
        D:2 |      51 |       0 |   0.0 |      14 |       0 |   0.0
        D:3 |     175 |       0 |   0.0 |      17 |       0 |   0.0
            +---------+---------+-------+---------+---------+-------

Illustrated notes

Table legend:
 A = Kills in this place as a percentage of kills in entire the game.
 B = Kills by you in this place as a percentage of kills by you in the entire game.
 C = Kills by friends in this place as a percentage of kills by friends in the entire game.
 D = Other kills in this place as a percentage of other kills in the entire game.
 E = Experience gained in this place as a percentage of experience gained in the entire game.
 F = Experience gained in this place divided by the number of levels of this place that you have seen.
                   A       B       C       D       E      F
               +-------+-------+-------+-------+-------+----------------------
         Total | 100.0 | 100.0 |   N/A |   N/A | 100.0 |  81.0
       Dungeon | 100.0 | 100.0 |   N/A |   N/A | 100.0 |  81.0
               +-------+-------+-------+-------+-------+----------------------

Table legend: (Time is in decaauts)
 A = Elapsed time spent in this place.
 B = Non-inter-level travel time spent in this place.
 C = Inter-level travel time spent in this place.
 D = Time resting spent in this place.
 E = Time spent auto-exploring this place.
 F = Levels seen in this place.
 G = Mean time per level.
                   A        B        C        D        E       F      G
               +--------+--------+--------+--------+--------+-----+--------+
         Total |   2234 |   2166 |     68 |      0 |   1879 |   3 |  744.7 |
       Dungeon |   2234 |   2166 |     68 |      0 |   1879 |   3 |  744.7 |
               +--------+--------+--------+--------+--------+-----+--------+

Top non-repeatable levels by time:
     D:2: 1146 daAuts
     D:1: 649 daAuts
     D:3: 438 daAuts
